 Dungeon Crawl Stone Soup version 0.25-a0-96-g4073cf80fb (webtiles) character file.

Game seed: 7436481671294752400, levelgen mode: deterministic

133 MisterFreud the Ruffian (level 4, -2/44 HPs)
             Began as a Troll Monk on Nov 11, 2019.
             Slain by a sky beast (5 damage)
             ... on level 4 of the Dungeon.
             The game lasted 00:02:47 (1606 turns).

MisterFreud the Ruffian (Troll Monk)                Turns: 1606, Time: 00:02:48

Health: -2/44      AC:  6    Str: 19    XL:     4   Next: 93%
Magic:  3/3        EV: 10    Int:  6    God:
Gold:   172        SH:  0    Dex: 13    Spells: 3/3 levels left

rFire    . . .     SeeInvis .     - Unarmed
rCold    . . .     Gourm    +   (no shield)
rNeg     . . .     Faith    .   a - +0 robe
rPois    .         Spirit   .   (helmet restricted)
rElec    .         Reflect  .   (no cloak)
rCorr    .         Harm     .   (gloves unavailable)
MR       .....                  (boots unavailable)
Stlth    ++........             (no amulet)
HPRegen  0.54/turn              (no ring)
MPRegen  0.08/turn              (no ring)

@: no status effects
A: large, unfitting armour, claws 3, fast metabolism 3, gourmand, regeneration
1, shaggy fur 1, tough skin 3
a: no special abilities


You were on level 4 of the Dungeon.
You were completely stuffed.

You visited 1 branch of the dungeon, and saw 4 of its levels.

You collected 172 gold pieces.

Inventory:

Missiles
 h - 7 javelins (quivered)
Armour
 a - a +0 robe (worn)
Jewellery
 m - an uncursed ring of fire
Scrolls
 c - a scroll of identify {unknown}
 d - a scroll of enchant weapon {unknown}
 e - 2 scrolls of remove curse {unknown}
 l - a scroll of fog {unknown}
 n - a scroll of amnesia {unknown}
 p - a scroll of teleportation {unknown}
 q - a scroll of enchant armour {unknown}
Potions
 f - a potion of flight {unknown}
 g - 2 potions of might {unknown}
 i - a potion of cancellation {unknown}
 j - 2 potions of haste {unknown}
 k - 4 potions of resistance {unknown}
 o - a potion of agility {unknown}
Comestibles
 b - 13 rations
 r - 3 chunks of flesh


   Skills:
 - Level 2.4 Fighting
 - Level 2.4 Dodging
 - Level 1.0 Stealth
 + Level 5.7 Unarmed Combat


You had 3 spell levels left.
You didn't know any spells.
Your spell library was empty.

Dungeon Overview and Level Annotations

Branches:
Dungeon (4/15)
 Temple: D:4-7

Altars:

Shops:
D:4 [


Innate Abilities, Weirdness & Mutations

You are too large for most types of armour.
You have claws for hands.
Your metabolism is lightning-fast.
You like to eat raw meat.
Your natural rate of healing is unusually fast.
You are covered in fur. (AC +1)
You have extremely tough skin. (AC +3)


Message History

The sky beast shocks you.
You claw the sky beast!
The sky beast is severely wounded.
The sky beast hits you but does no damage.
You closely miss the sky beast.
The sky beast is severely wounded.
The sky beast hits you. The sky beast shocks you.
You closely miss the sky beast.
The sky beast is severely wounded.
The sky beast closely misses you.
You closely miss the sky beast.
The sky beast is severely wounded.
The sky beast hits you. The sky beast shocks you.
* * * LOW HITPOINT WARNING * * *
You miss the sky beast.
The sky beast is severely wounded.
The sky beast hits you.
* * * LOW HITPOINT WARNING * * *
The sky beast shocks you.
You die...

##########
#........###
#.#.###...<.
#######.#.####.##.
#.............∩...
#.##..........†.)÷
#@##.##.#.####.##)
#Y##.##.#.# #.##.
##.##.##.#.# #.##.
#..........# #.##.
#.#######....
..### #. .### #.#
#. #. #. #(


You could see a sky beast.

Vanquished Creatures
  An iguana (D:4)
  Robin (D:4)
  A gnoll (D:3)
  2 adders (D:3)
  2 worms
  4 leopard geckos
  An orc (D:3)
  2 ball pythons (D:3)
  2 bats
  A giant cockroach (D:3)
  8 hobgoblins
  5 jackals (D:3)
  2 kobolds
  3 quokkas
  2 frilled lizards
  12 goblins
  7 rats
56 creatures vanquished.

Notes
Turn   | Place    | Note
-------+----------+-------------------------------------------
     0 | D:1      | MisterFreud the Troll Monk began the quest for the Orb.
     0 | D:1      | Reached XP level 1. HP: 22/22 MP: 0/0
   195 | D:1      | Reached XP level 2. HP: 26/29 MP: 1/1
   575 | D:2      | Reached skill level 4 in Unarmed Combat
   993 | D:3      | Reached XP level 3. HP: 35/36 MP: 2/2
  1435 | D:3      | Reached skill level 5 in Unarmed Combat
  1435 | D:3      | Reached XP level 4. HP: 43/44 MP: 3/3
  1533 | D:4      | Found Zemeeruch's Antique Armour Shoppe.
  1535 | D:4      | Noticed Robin
  1564 | D:4      | Killed Robin
  1588 | D:4      | Noticed a sky beast
  1606 | D:4      | Slain by a sky beast

Levels and vault maps discovered:
D:1:      dpeg_arrival_arbitrary_c, layout_rooms
D:2:      layout_loops_ring, first_ration, minmay_tetromino_i2
D:3:      layout_basic, minmay_fractal_squares_gapless_5
D:4:      layout_loops_ring, grunt_dithmenos_shadows,
          gammafunk_temple_overflow_wave, serial_shops, shop, minmay_liquid_box,
          uniq_sigmund, uniq_menkaure, uniq_robin, uniq_ijyb

Skill      XL: |  1  2  3 |
---------------+----------+-----
Unarmed Combat | 4 5 |  5.7
Fighting       | |  2.4
Dodging        | |  2.4
Stealth        | |  1.0

Action                   |  1- 3 |  4- 6 || total
-------------------------+-------+-------++-------
Melee: Unarmed           |   109 |    47 ||   156
       Punch             |     1 |     1 ||     2
 Stab: Sleeping          |     1 |       ||     1
  Eat: Chunk             |    18 |     2 ||    20
Armor: Robe              |    38 |    11 ||    49
Dodge: Dodged            |    45 |    15 ||    60

Table legend:
 A = Non-vault XP
 B = Vault XP
 C = Vault XP percentage of total XP
 D = Non-vault monster count
 E = Vault monster count
 F = Vault count percentage of total count
                 A         B        C        D         E       F
            +---------+---------+-------+---------+---------+-------
      Total |     124 |      66 |  34.7 |      40 |      16 |  28.6
            +---------+---------+-------+---------+---------+-------
        D:1 |      16 |       0 |   0.0 |      10 |       0 |   0.0
        D:2 |      19 |       0 |   0.0 |       9 |       0 |   0.0
        D:3 |      54 |      33 |  37.9 |      20 |       5 |  20.0
        D:4 |      35 |      33 |  48.5 |       1 |      11 |  91.7
            +---------+---------+-------+---------+---------+-------
